Map: Dusty Gorge

Players

Eta

  • Race: Terran Terran
  • League: Diamond
  • Spawn Location: 9:00

thorix

  • Race: Protoss Protoss
  • Spawn Location: 11:00

Throwfordays - Winner!

  • Race: Protoss Protoss
  • League: Silver
  • Spawn Location: 3:00

Faust - Winner!

  • Race: Zerg Zerg
  • League: Diamond
  • Spawn Location: 5:00

VOD

Have the link to the VOD?

Description

Time

  • Played on: April 15, 2019, 11:58 p.m.
  • Length: 9:17
Show
View Real Time Build Order
Export as new Build Order

Eta Terran 

Build Orders: 2 Factory, Mech 

Get SALT Encoding   

  12  0:01  SCV  
  13  0:13  SCV  
  14  0:18  Supply Depot  
  14  0:25  SCV  
  15  0:40  SCV  
  15  0:41  Barracks  
  16  0:47  Refinery  
  16  0:52  SCV  
  17  1:04  SCV  
  18  1:16  SCV  
  19  1:30  Orbital Command  
  19  1:43  Command Center  
  19  1:55  Factory  
  19  2:02  SCV  
  19  2:06  Supply Depot  
  20  2:12  Refinery  
  20  2:15  SCV  
  21  2:28  SCV  
  22  2:34  Factory  
  22  2:40  SCV  
  22  2:42  Factory Tech Lab  
  22  2:43  Hellion  
  25  2:52  SCV  
  25  2:55  Orbital Command  
  26  3:04  SCV, Hellion  
  29  3:16  SCV  
  29  3:18  Bunker, Factory Tech Lab  
  30  3:23  SCV  
  31  3:28  SCV  
  31  3:29  Hellion  
  34  3:35  Marine, SCV  
  34  3:39  Siege Tank  
  34  3:41  SCV  
  40  3:47  SCV  
  41  3:52  Hellion  
  41  3:53  SCV  
  41  3:55  Infernal Pre-Igniter  
  44  4:00  SCV  
  45  4:07  SCV  
  46  4:12  Supply Depot  
  46  4:24  Command Center  
  46  4:27  Factory Reactor  
  46  4:34  SCV x2, Siege Tank  
  51  4:46  SCV x2  
  53  4:57  Starport  
  53  4:58  SCV, Supply Depot  
  54  5:00  Refinery  
  54  5:20  SCV, Hellion x2, Siege Tank  
  62  5:23  Supply Depot  
  62  5:28  Engineering Bay  
  62  5:33  Armory  
  62  5:36  SCV x2  
  62  5:37  Refinery  
  62  5:39  Liberator  
  67  5:55  Hellion, Siege Tank  
  67  5:56  Supply Depot, Hellion  
  74  6:03  SCV x3  
  77  6:19  Supply Depot  
  77  6:22  Liberator  
  77  6:23  Terran Vehicle And Ship Armor Level 1  
  80  6:29  Armory, Hellion x2  
  84  6:38  Missile Turret  
  84  6:40  Missile Turret  
  84  6:41  Supply Depot  
  84  6:42  Thor  
  90  6:48  Missile Turret  
  90  6:50  Orbital Command  
  90  7:06  Factory  
  90  7:07  Missile Turret  
  90  7:10  Missile Turret  
  90  7:11  SCV x2, Missile Turret  
  92  7:18  Missile Turret  
  92  7:27  Thor  
  98  7:35  SCV x3  
  101  7:47  SCV  
  101  7:50  Factory Tech Lab  
  102  7:53  SCV x2  
  102  7:55  Liberator  
  84  8:31  Thor x2  
  84  8:33  Hellion x2  
Show
View Real Time Build Order
Export as new Build Order

thorix Protoss 

Build Orders:  

Get SALT Encoding   

  12  0:02  Probe  
  13  0:14  Probe  
  14  0:21  Pylon  
  14  0:29  Probe  
  15  0:38  Probe  
  15  0:40  Gateway  
  16  0:46  Probe  
  16  0:55  Probe  
  17  0:58  Pylon  
  18  1:07  Probe  
  18  1:08  Assimilator  
  19  1:34  Assimilator  
  19  1:37  Probe  
  19  1:38  Assimilator  
  19  1:42  Cybernetics Core  
  19  1:45  Probe  
  21  1:55  Probe  
  22  2:07  Probe  
  23  2:19  Probe  
  23  2:22  Shield Battery  
  24  2:24  Shield Battery  
  24  2:25  Stalker  
  26  2:31  Probe  
  26  2:47  Probe  
  27  2:51  Nexus  
  27  2:55  Stalker, Probe  
  29  3:03  Probe  
  30  3:11  Pylon  
  31  3:29  Stalker, Probe  
  34  3:34  Pylon  
  34  3:49  Probe  
  34  3:51  Robotics Facility  
  35  3:57  Probe  
  35  3:59  Stalker  
  38  4:05  Probe  
  38  4:09  Probe  
  39  4:14  Probe  
  40  4:17  Probe  
  40  4:18  Assimilator  
  40  4:22  Assimilator, Probe  
  42  4:27  Probe  
  42  4:29  Stalker  
  46  4:31  Probe  
  47  4:39  Probe  
  47  4:40  Pylon  
  47  4:43  Probe  
  49  4:49  Observer  
  49  4:51  Probe  
  51  4:56  Probe  
  51  4:59  Stalker  
  54  5:01  Stargate  
  54  5:03  Probe  
  55  5:08  Probe  
  55  5:11  Observer  
  57  5:16  Probe  
  57  5:18  Stargate  
  58  5:32  Observer  
  59  5:38  Stalker  
  61  5:46  Stargate  
  61  5:48  Fleet Beacon  
  61  5:53  Cybernetics Core  
  61  5:54  Observer  
  62  5:57  Protoss Air Weapons Level 1  
  62  6:01  Probe  
  62  6:03  Probe  
  63  6:09  Probe  
  63  6:11  Probe  
  66  6:18  Probe  
  66  6:19  Pylon, Probe  
  66  6:21  Pylon x2  
  68  6:40  Anion Pulse-Crystals, Phoenix x3  
  74  7:05  Phoenix x2  
  78  7:24  Pylon  
  78  7:26  Pylon  
  78  7:28  Pylon  
Show
View Real Time Build Order
Export as new Build Order

Throwfordays Protoss - Winner!

Build Orders:  

Get SALT Encoding   

  12  0:00  Probe  
  13  0:15  Pylon  
  13  0:18  Probe  
  14  0:30  Probe  
  15  0:36  Gateway  
  15  0:38  Probe  
  16  0:46  Probe  
  17  1:09  Probe  
  18  1:11  Assimilator  
  18  1:23  Zealot  
  20  1:28  Cybernetics Core  
  20  1:35  Probe  
  22  1:47  Probe  
  22  1:57  Nexus  
  22  1:59  Probe  
  23  2:02  Pylon  
  23  2:21  Robotics Facility  
  23  2:31  Warp Gate  
  23  2:44  Assimilator  
  23  2:45  Pylon  
  23  2:50  Adept  
  25  2:57  Gateway  
  25  3:11  Pylon  
  25  3:13  Immortal  
  26  3:21  Probe  
  26  3:23  Probe  
  31  3:31  Probe  
  31  3:33  Probe  
  32  3:41  Probe  
  34  3:53  Probe  
  35  3:59  Immortal  
  39  4:03  Probe  
  39  4:05  Probe  
  41  4:15  Probe  
  42  4:17  Probe  
  42  4:19  Gateway  
  43  4:28  Probe  
  43  4:29  Probe  
  43  4:30  Gateway  
  45  4:43  Immortal  
  49  4:49  Forge  
  49  4:53  Pylon  
  49  4:58  Stalker  
  51  5:04  Stalker  
  53  5:20  Stalker  
  55  5:23  Stalker  
  55  5:25  Warp Prism  
  55  5:27  Probe  
  55  5:28  Pylon  
  59  5:33  Probe  
  59  5:35  Probe  
  62  5:44  Assimilator  
  62  5:45  Probe x2  
  62  5:46  Assimilator  
  64  5:51  Immortal  
  64  5:54  Protoss Ground Weapons Level 1  
  64  5:57  Probe  
  69  6:15  Probe  
  69  6:16  Nexus  
  69  6:23  Probe  
  69  6:24  Probe  
  70  6:31  Pylon  
  70  6:32  Probe  
  72  6:33  Probe  
  72  6:35  Pylon  
  74  6:42  Immortal  
  78  6:49  Pylon, Probe  
  79  6:57  Stalker  
  79  6:58  Stalker  
  79  6:59  Stalker  
  85  7:10  Robotics Bay  
  85  7:12  Twilight Council  
  85  7:14  Forge  
  85  7:50  Stalker x3  
  85  7:51  Stalker  
  91  8:23  Stalker  
  91  8:24  Stalker x3  
  81  8:58  Stalker x4  
Show
View Real Time Build Order
Export as new Build Order

Faust Zerg - Winner!

Build Orders: Hatch First 

Get SALT Encoding   

  12  0:00  Drone  
  13  0:08  Drone  
  14  0:14  Extractor  
  14  0:16  Drone  
  15  0:31  Overlord  
  15  0:47  Hatchery  
  14  0:51  Drone  
  14  0:55  Drone  
  16  1:00  Drone  
  17  1:14  Spawning Pool  
  17  1:18  Extractor  
  15  1:20  Drone  
  15  1:24  Drone  
  17  1:32  Drone  
  18  1:35  Drone  
  19  1:55  Overlord  
  19  2:05  Queen x2  
  19  2:06  Zergling x2  
  19  2:07  Zergling x2  
  25  2:17  Zergling x2, Drone x2  
  28  2:30  Zergling x2  
  29  2:42  Drone x3  
  32  2:48  Metabolic Boost  
  32  2:50  Overlord  
  32  2:51  Drone  
  33  2:59  Drone  
  33  3:03  Lair  
  33  3:04  Drone  
  35  3:15  Drone x2  
  35  3:16  Drone x3  
  39  3:34  Hatchery  
  39  3:35  Drone x2  
  39  3:37  Drone  
  39  3:41  Extractor x2  
  40  3:43  Drone  
  40  3:44  Extractor  
  40  3:45  Drone  
  40  3:50  Drone x2  
  40  3:53  Overlord  
  42  3:59  Drone  
  42  4:02  Overlord  
  43  4:12  Drone x3  
  43  4:13  Drone  
  43  4:16  Drone x2  
  49  4:24  Drone x2  
  51  4:28  Drone x4  
  55  4:36  Overlord  
  55  4:45  Spore Crawler  
  55  4:51  Queen, Drone x7  
  63  4:56  Spire  
  63  4:59  Spore Crawler  
  61  5:03  Spore Crawler  
  60  5:13  Drone x6  
  66  5:24  Overlord  
  66  5:29  Drone x2  
  68  5:36  Hatchery  
  68  5:42  Extractor  
  66  5:43  Drone  
  66  5:44  Extractor, Drone x3  
  66  5:45  Drone x4  
  66  5:46  Drone  
  74  5:53  Overlord x2  
  74  6:02  Drone x3  
  74  6:03  Drone x3  
  80  6:10  Mutalisk x4  
  88  6:14  Mutalisk  
  88  6:17  Zerg Flyer Weapons Level 1  
  90  6:19  Mutalisk x2  
  94  6:26  Mutalisk x2  
  94  6:27  Overlord  
  94  6:30  Overlord x3  
  98  6:49  Queen  
  100  6:57  Extractor  
  100  6:58  Extractor  
  98  7:01  Mutalisk x2  
  98  7:02  Infestation Pit, Mutalisk x5  
  98  7:03  Spire  
  98  7:06  Drone  
  98  7:07  Drone x7  
  98  7:08  Drone  
  119  7:13  Baneling Nest  
  118  7:17  Drone x2  
  118  7:18  Drone, Evolution Chamber  
  118  7:19  Evolution Chamber  
  117  7:36  Mutalisk x4  
  117  7:37  Mutalisk  
  123  7:47  Mutalisk  
  123  8:00  Mutalisk x3  
  129  8:07  Queen  
  125  8:14  Zergling x14  
  125  8:15  Zergling x8  
  135  8:34  Drone  
  135  8:38  Spore Crawler  
Tags
 
Add a new tag
Caveats
  • Supply blocks, unpowered buildings, or Contaminate may cause inaccurate times.
  • Supply counts are checked every 10 seconds.